 Dungeon Crawl Stone Soup version 0.22-a0-799-g88f5e90 (webtiles) character file.

8617 glosham the Nimble (level 11, 0/55 HPs)
             Began as a Felid Berserker on July 21, 2018.
             Was a High Priest of Trog.
             Killed by vampiric draining
             ... invoked by a vampire mage
              (14 damage)
             ... on level 11 of the Dungeon.
             The game lasted 02:56:27 (8572 turns).

glosham the Nimble (Felid Berserker)                Turns: 8572, Time: 02:56:29

Health: 0/55       AC:  2    Str: 16    XL:     11   Next: 12%
Magic:  12/12      EV: 40    Int: 10    God:    Trog [*****.]
Gold:   462        SH:  0    Dex: 20    Spells: 10/10 levels left
                                        Lives:  0   Deaths: 3

rFire    . . .     SeeInvis +     - Unarmed
rCold    + . .     Gourm    .   (shield unavailable)
rNeg     . . .     Faith    .   (armour unavailable)
rPois    .         Spirit   .   (helmet unavailable)
rElec    .         Reflect  .   (cloak unavailable)
rCorr    .         Harm     .   (gloves unavailable)
MR       +++..                  (boots unavailable)
Stlth    ++++++....             z - amulet of the acrobat
HPRegen  1.18/turn              A - +4 ring of evasion
MPRegen  0.13/turn              B - ring of protection from cold

@: agile, lethally poisoned (0 -> 0), berserk cooldown, regenerating, slowed,
slow
A: very small, no armour, no weapons or thrown items, stealth, claws 1, fangs 3,
see invisible, carnivore, speed 1, shaggy fur 2, slow metabolism 1, sharp paws
a: Berserk, Trog's Hand, Brothers in Arms, Renounce Religion


You were on level 11 of the Dungeon.
You worshipped Trog.
Trog was extremely pleased with you.
You were full.

You visited 1 branch of the dungeon, and saw 13 of its levels.
You also visited: Labyrinth.

You collected 1194 gold pieces.
You spent 732 gold pieces at shops.

Inventory:

Jewellery
 z - an amulet of the acrobat (around neck)
 A - a +4 ring of evasion (left paw)
 B - a ring of protection from cold (right paw)
 C - an uncursed ring of ice
 D - an uncursed ring of fire
 E - an uncursed ring of fire
 M - an uncursed ring of magical power
Wands
 h - a wand of polymorph (39)
 n - a wand of flame (50)
 v - a wand of acid (13)
Scrolls
 b - 8 scrolls of remove curse
 c - 2 scrolls of fog
 i - a scroll of vulnerability
 j - a scroll of summoning
 p - a scroll of noise
Potions
 d - 3 potions of lignification
 e - 2 potions of agility
 f - a potion of haste
 g - 3 potions of might
 k - a potion of brilliance
 m - a potion of mutation {!q}
 o - a potion of ambrosia
 q - 3 potions of curing
 r - a potion of heal wounds
 t - 2 potions of flight
Miscellaneous
 s - a crystal ball of energy
 w - a fan of gales
Comestibles
 a - 22 rations


   Skills:
 * Level 10.6 Fighting
 * Level 14.1 Dodging
 * Level 9.3 Stealth
 * Level 13.2 Unarmed Combat


You had 10 spell levels left.
You didn't know any spells.
Your spell library was empty.

Dungeon Overview and Level Annotations

Branches:
Dungeon (13/15)            Temple (0/1) D:5             Orc (0/2) D:12
   Lair: D:8-11      Vaults: D:13-14

Altars:
Ashenzari
Cheibriados
Gozag
Xom
Yredelemnul
Beogh

Shops:
D:5 (   D:10 :?   D:13 (


Innate Abilities, Weirdness & Mutations

You cannot wear armour.
You are incapable of wielding weapons or throwing items.
Your paws allow you to move quietly. (Stealth)
You have sharp claws.
You have razor-sharp teeth.
You have supernaturally acute eyesight. (SInv)
You are carnivorous and can eat meat at any time.
You cover ground quickly.
You are covered in thick fur. (AC +2)
You have a slow metabolism.
Your sharp claws are effective at attacking unaware monsters.


Message History

What are your orders? t - Meow!
Orders for allies: a - Attack new target. r - Retreat! s - Stop attacking. g - Guard the area. f - Follow me.
Anything else - Cancel.
Guard this area!
You feel sick.
A deep elf mage comes into view. It is wielding a short sword.
The vampire mage casts a spell at you. The bolt of negative energy misses you.
The naga mage misses you.
Your iron troll bites the naga mage!!
Your iron troll closely misses the naga mage.
Your iron troll claws the naga mage!!
The naga mage dies!
Trog accepts your kill.
Trog appreciates your killing of a magic user.
You feel sick. The orc wizard completely misses you.
You claw the orc wizard!
The orc wizard is almost dead.
The vampire mage hits your iron troll. The vampire mage bites your iron troll.
The orc wizard points at you and mumbles some strange words.
You resist with almost no effort.
You closely miss the orc wizard.
You kill the orc wizard!
Trog accepts your kill.
Trog appreciates your killing of a magic user.
The vampire mage hits your iron troll.
The vampire mage bites your iron troll but does no damage.
Your iron troll bites the vampire mage.
Your iron troll claws the vampire mage!! x2
The vampire mage is infused with unholy energy.
* * * LOW HITPOINT WARNING * * *
The vampire mage draws life force from you and is healed!
You scratch the vampire mage.
The vampire mage is severely damaged.
You feel sick. The vampire mage hits your iron troll.
The vampire mage barely misses your iron troll.
Your iron troll closely misses the vampire mage. x3
The vampire mage is infused with unholy energy.
You die...

#.#.#.#
#....
+.#.#$#
#####
#.....
#....
'e#.#
#.#.#
#.#V# #
#e#T#.#.#
#.V@)...#
#.......#
#####
####+####
#....
##### # .


You could see 2 vampire magi, a deep elf mage and a friendly iron troll
(berserk).

Vanquished Creatures
  A minotaur (Lab)
  Harold (D:11)
  A hydra (D:9)
  4 two-headed ogres
  An unseen horror (D:12)
  A deep elf mage (D:7)
  An ugly thing (D:13)
  A cyclops (D:13)
  2 manticores
  Joseph (D:8)
  3 trolls
  A slime creature (D:10)
  6 wraiths
  Eustachio (D:5)
  11 yaks
  4 basilisks (Lab)
  2 wyverns
  A human (D:9)
  4 hogs (D:9)
  A hungry ghost (D:8)
  A vampire mosquito (D:7)
  An acid dragon (D:11)
  2 water moccasins
  A soldier ant (D:11)
  5 orc warriors
  A black bear (D:10)
  4 sky beasts
  A necrophage (D:7)
  4 ice beasts
  5 ogres
  3 centaurs
  A crocodile (D:12)
  A wyvern zombie (D:6)
  8 bullfrogs
  2 scorpions
  24 killer bees
  8 wights
  2 howler monkeys
  6 crimson imps
  10 orc priests
  7 jellies
  A bullfrog skeleton (D:9)
  7 hounds
  13 orc wizards
  3 centaur skeletons
  6 iguanas
  7 worker ants
  A mummy (D:11)
  Robin (D:3)
  8 adders
  4 gnolls (D:8)
  5 shadow imps
  10 oozes
  An adder skeleton (D:5)
  An adder zombie (D:5)
  3 worms (D:3)
  3 dart slugs
  4 leopard geckos
  45 orcs
  2 ball pythons
  2 bats (D:3)
  A giant cockroach (D:8)
  11 goblins
  9 hobgoblins
  24 jackals
  4 quokkas
  3 frilled lizards
  A jackal zombie (D:7)
  15 kobolds
  A rat (D:3)
341 creatures vanquished.

Vanquished Creatures (collateral kills)
  A deep elf mage (D:11)
  A naga mage (D:11)
  A troll (D:12)
  3 centaurs (D:12)
6 creatures vanquished.

Vanquished Creatures (others)
  8 toadstools (D:3)
8 creatures vanquished.

Grand Total: 355 creatures vanquished

Notes
Turn   | Place    | Note
-------+----------+-------------------------------------------
     0 | D:1      | glosham the Felid Berserker began the quest for the Orb.
     0 | D:1      | Reached XP level 1. HP: 10/10 MP: 2/2
   107 | D:1      | Reached XP level 2. HP: 6/14 MP: 3/3
   193 | D:4      | Noticed a howler monkey
   196 | D:4      | Killed a howler monkey
   196 | D:4      | Reached skill level 4 in Unarmed Combat
   196 | D:4      | Reached XP level 3. HP: 6/17 MP: 4/4
   308 | D:3      | Reached skill level 5 in Dodging
   339 | D:3      | Reached XP level 4. HP: 11/21 MP: 5/5
   448 | D:1      | Reached ** piety under Trog
   602 | D:3      | Noticed Robin
   635 | D:3      | Killed Robin
   876 | D:3      | Reached skill level 5 in Unarmed Combat
   881 | D:3      | Reached XP level 5. HP: 24/24 MP: 6/6
   896 | D:3      | Killed from afar by an orc wizard
   897 | D:3      | Reached XP level 4. HP: 0/21 MP: 14/14
  1010 | D:3      | Reached XP level 5. HP: 24/24 MP: 6/6
  1012 | D:3      | Reached skill level 6 in Dodging
  1017 | D:3      | Reached *** piety under Trog
  1205 | D:4      | Reached skill level 6 in Unarmed Combat
  1309 | D:5      | Entered Level 5 of the Dungeon
  1341 | D:5      | Found an opulent altar of Gozag.
  1464 | D:5      | Gained mutation: You are covered in thick fur. (AC +2) [Felid growth]
  1464 | D:5      | Reached XP level 6. HP: 26/28 MP: 7/7
  1504 | D:5      | Found Ycsoun Fahye's Antique Weapon Boutique.
  1526 | D:5      | Noticed Eustachio
  1538 | D:5      | Killed Eustachio
  1553 | D:4      | Reached skill level 7 in Dodging
  1640 | D:4      | Found a shimmering altar of Xom.
  1707 | D:4      | Reached skill level 7 in Unarmed Combat
  1707 | D:4      | Reached XP level 7. HP: 31/31 MP: 8/8
  2044 | D:6      | Reached skill level 8 in Dodging
  2044 | D:6      | Reached skill level 8 in Unarmed Combat
  2084 | D:5      | Found a staircase to the Ecumenical Temple.
  2158 | D:6      | Reached XP level 8. HP: 32/34 MP: 9/9
  2316 | D:8      | Reached **** piety under Trog
  2344 | D:8      | Reached skill level 9 in Unarmed Combat
  2378 | D:8      | Reached skill level 4 in Fighting
  2378 | D:8      | Reached skill level 9 in Dodging
  2710 | D:9      | Reached XP level 9. HP: 24/39 MP: 10/10
  2865 | D:9      | Noticed an eight-headed hydra
  2875 | D:9      | Killed an eight-headed hydra
  2875 | D:9      | Reached skill level 5 in Fighting
  2875 | D:9      | Reached skill level 10 in Dodging
  2875 | D:9      | Reached skill level 10 in Unarmed Combat
  2914 | D:8      | Reached ***** piety under Trog
  2945 | D:7      | Reached skill level 6 in Fighting
  3070 | D:9      | Found a basalt altar of Yredelemnul.
  3159 | D:9      | Upgraded the game from 0.22-a0-782-g038298e to 0.22-a0-799-g88f5e90
  3462 | D:7      | Noticed a two-headed ogre
  3473 | D:7      | Killed a two-headed ogre
  3473 | D:7      | Reached skill level 7 in Fighting
  3473 | D:7      | Reached skill level 11 in Unarmed Combat
  3473 | D:7      | Reached XP level 10. HP: 47/47 MP: 11/11
  3585 | D:7      | Noticed a manticore
  3594 | D:7      | Killed a manticore
  3594 | D:7      | Reached skill level 1 in Stealth
  3597 | D:7      | Reached skill level 11 in Dodging
  3674 | D:8      | Found a snail-covered altar of Cheibriados.
  3674 | D:8      | Noticed Joseph
  3687 | D:8      | Killed Joseph
  3687 | D:8      | Reached skill level 2 in Stealth
  4007 | D:6      | Found a shattered altar of Ashenzari.
  4495 | D:9      | Reached skill level 3 in Stealth
  4497 | D:9      | Reached skill level 8 in Fighting
  4697 | D:10     | Entered Level 10 of the Dungeon
  4705 | D:10     | Reached skill level 4 in Stealth
  4859 | D:7      | Noticed a deep elf mage
  4898 | D:7      | Killed a deep elf mage
  4898 | D:7      | Reached skill level 12 in Dodging
  4898 | D:7      | Reached XP level 11. HP: 52/52 MP: 12/12
  5072 | D:10     | Found Raek's Book Emporium.
  5101 | D:10     | HP: 4/52 [troll (13)]
  5102 | D:10     | Reached skill level 12 in Unarmed Combat
  5854 | D:10     | Found Lech's Magic Scroll Shoppe.
  5876 | D:10     | Bought a scroll of vulnerability for 97 gold pieces
  5876 | D:10     | Bought a scroll of identify for 26 gold pieces
  5876 | D:10     | Bought a scroll of fog for 26 gold pieces
  5876 | D:10     | Bought a scroll of identify for 26 gold pieces
  5876 | D:10     | Bought a scroll of noise for 13 gold pieces
  5876 | D:10     | Bought a scroll of identify for 26 gold pieces
  6012 | D:11     | Reached skill level 5 in Stealth
  6017 | D:11     | HP: 4/52 [manticore/volley of spikes (11)]
  6028 | D:11     | Reached skill level 9 in Fighting
  6665 | D:10     | Found Sudem's Distillery.
  6691 | D:10     | Bought a potion of ambrosia for 112 gold pieces
  6691 | D:10     | Bought a potion of curing for 42 gold pieces
  6691 | D:10     | Bought a potion of heal wounds for 70 gold pieces
  6691 | D:10     | Bought a potion of heal wounds for 70 gold pieces
  6691 | D:10     | Bought a potion of lignification for 42 gold pieces
  6691 | D:10     | Bought a potion of curing for 42 gold pieces
  6691 | D:10     | Bought a potion of degeneration for 14 gold pieces
  6691 | D:10     | Bought a potion of curing for 42 gold pieces
  6691 | D:10     | Bought 2 potions of flight for 84 gold pieces
  6877 | D:11     | Noticed a two-headed ogre
  6900 | D:11     | Killed a two-headed ogre
  6941 | D:11     | Reached skill level 13 in Dodging
  6941 | D:11     | Reached skill level 6 in Stealth
  7028 | D:11     | Noticed Harold
  7205 | D:11     | Killed Harold
  7256 | D:12     | Noticed a two-headed ogre
  7317 | D:12     | Killed a two-headed ogre
  7317 | D:12     | Reached skill level 7 in Stealth
  7323 | D:12     | HP: 3/81 [troll (12)]
  7332 | D:12     | Mangled by a troll
  7333 | D:12     | Reached XP level 10. HP: -12/51 MP: 20/20
  7355 | D:12     | Noticed a two-headed ogre
  7355 | D:12     | Noticed a two-headed ogre
  7472 | D:12     | Reached XP level 11. HP: 43/54 MP: 12/12
  7567 | D:12     | Noticed an unseen horror
  7579 | D:12     | Killed an unseen horror
  7579 | D:12     | Reached skill level 10 in Fighting
  7708 | D:13     | Noticed a green ugly thing
  7743 | D:13     | Found Keiqucem's Weapon Emporium.
  7787 | D:13     | Found a labyrinth entrance.
  7799 | Lab      | Entered a labyrinth
  8010 | Lab      | Reached skill level 8 in Stealth
  8087 | Lab      | Noticed a minotaur
  8112 | Lab      | Headbutted by a minotaur
  8113 | Lab      | Reached XP level 10. HP: -5/76 MP: 11/11
  8124 | Lab      | Killed a minotaur
  8193 | D:13     | Reached skill level 13 in Unarmed Combat
  8253 | D:13     | Killed a green ugly thing
  8318 | D:13     | Found a snail-covered altar of Cheibriados.
  8414 | D:13     | Noticed a two-headed ogre
  8423 | D:13     | Killed a two-headed ogre
  8423 | D:13     | Reached skill level 14 in Dodging
  8423 | D:13     | Reached skill level 9 in Stealth
  8445 | D:12     | Reached XP level 11. HP: 32/55 MP: 12/12
  8473 | D:12     | Found a staircase to the Orcish Mines.
  8506 | D:12     | Found a roughly hewn altar of Beogh.
  8557 | D:11     | Noticed a deep elf mage
  8557 | D:11     | Noticed a vampire mage
  8559 | D:11     | HP: 3/55 [deep elf mage/bolt of cold (22)]
  8567 | D:11     | Noticed a vampire mage
  8567 | D:11     | Killed a deep elf mage
  8568 | D:11     | Noticed a deep elf mage
  8572 | D:11     | Killed from afar by a vampire mage

Vault maps used:
D:1:      roderic_chinese_lattice_arrival
D:2:      tso_altar, lemuel_coloured_pillars_altar, lemuel_crystal_altar,
          zin_purify, grunt_temple_overflow_open, kennysheep_jessica_study
D:3:      cheibrodos_fertilizer, grunt_qazlal_clouds, uniq_robin
D:4:      kennysheep_mini, serial_corexii_hall, corexii_hall_statues_i,
          corexii_hall_statues_l
D:5:      nicolae_gozag_cash_rules_everything_around_me,
          minmay_temple_entry_butterflies, serial_shops, shop, first_ration,
          uniq_eustachio
D:6:      lemuel_round_altar, minmay_checkerbox
D:7:      minmay_klotski
D:8:      slow_altar_1, vehumet_crystals, uniq_joseph
D:9:      overflow_temple_1_default, grunt_livestock
D:10:     serial_shops, nicolae_shop_trees, shop, shop, kennysheep_potato
D:11:     evilmike_library_of_no_secrets, erik_lair_dragon, uniq_josephine,
          uniq_harold
D:12:     minmay_orc_entry_temple_small
D:13:     serial_shops, shop, lab_entry_generic, hangedman_feature_mirror
Lab:      labyrinth_spiral, nicolae_lab_do_over, nicolae_lab_lava, lab_hedge,
          nicolae_lab_x, nicolae_lab_stuck, labyrinth_fake_exit,
          nicolae_lab_big_swirl, nicolae_lab_starburst, nicolae_lab_diamond

Skill      XL: |  1  2  3  4  5  6  7  8  9 10 11 |
---------------+----------------------------------+-----
Unarmed Combat | 4 5 6 7 8 9 11 13 12 | 13.2
Dodging        | 5 6 7 8 9 10 14 13 | 14.1
Fighting       | 4 7 8 10 | 10.6
Stealth        | 9 8 |  9.3

Action                   |  1- 3 |  4- 6 |  7- 9 | 10-12 || total
-------------------------+-------+-------+-------+-------++-------
Melee: Unarmed           |    48 |   183 |   225 |   487 ||   943
       Bite              |     7 |    18 |    19 |    54 ||    98
       Punch             |     3 |     3 |    16 |    29 ||    51
Invok: Berserk           |     5 |    12 |    10 |    28 ||    55
       Trog's Hand       |       |       |       |     5 ||     5
       Brothers in Arms  |       |       |       |     3 ||     3
Evoke: Phantom mirror    |       |       |       |     1 ||     1
  Use: Scroll            |     4 |     5 |     2 |     7 ||    18
       Potion            |       |     2 |     3 |     5 ||    10
 Stab: Sleeping          |     1 |     1 |     2 |    16 ||    20
       Distracted        |       |     1 |       |     2 ||     3
       Invisible         |       |       |     5 |       ||     5
  Eat: Chunk             |    10 |    18 |    16 |    46 ||    90
Armor: Skin              |     1 |     4 |    10 |     5 ||    20
Dodge: Dodged            |    27 |   135 |   188 |   368 ||   718

Table legend:
 A = Spawn XP
 B = Non-spawn XP
 C = Spawn XP percentage of total XP
 D = Spawn monster count
 E = Non-spawn monster count
 F = Spawn count percentage of total count
 G = Total turns spent on level
                    A         B        C        D         E        F      G
               +---------+---------+-------+---------+---------+-------+---------
         Total |       0 |   29022 |   0.0 |       0 |     347 |   0.0 |  8572
               +---------+---------+-------+---------+---------+-------+---------
           D:1 |       0 |      22 |   0.0 |       0 |      12 |   0.0 |   382
           D:2 |       0 |      11 |   0.0 |       0 |       5 |   0.0 |    89
           D:3 |       0 |     347 |   0.0 |       0 |      69 |   0.0 |   631
           D:4 |       0 |     185 |   0.0 |       0 |       7 |   0.0 |   584
           D:5 |       0 |     651 |   0.0 |       0 |      17 |   0.0 |   632
           D:6 |       0 |     536 |   0.0 |       0 |      17 |   0.0 |   675
           D:7 |       0 |    3226 |   0.0 |       0 |      23 |   0.0 |  1167
           D:8 |       0 |    2003 |   0.0 |       0 |      30 |   0.0 |   506
           D:9 |       0 |    4150 |   0.0 |       0 |      56 |   0.0 |  1116
          D:10 |       0 |    2787 |   0.0 |       0 |      28 |   0.0 |   892
          D:11 |       0 |    5407 |   0.0 |       0 |      28 |   0.0 |   574
          D:12 |       0 |    4189 |   0.0 |       0 |      30 |   0.0 |   581
          D:13 |       0 |    3994 |   0.0 |       0 |      20 |   0.0 |   376
           Lab |       0 |    1514 |   0.0 |       0 |       5 |   0.0 |   367
               +---------+---------+-------+---------+---------+-------+---------

Table legend:
 A = Turns spent in this place as a percentage of turns spent in the entire game.
 B = Non-inter-level travel turns spent in this place as a percentage of non-inter-level travel turns spent in the entire game.
 C = Inter-level travel turns spent in this place as a percentage of turns spent in this place.
 D = Turns resting spent in this place as a percentage of non-inter-level travel turns spent in this place.
 E = Turns spent auto-exploring this place as a percentage of non-inter-level travel turns spent in this place.
 F = Non-inter-level travel turns spent in this place divided by the number of levels of this place that you've seen.
                   A       B       C       D       E      F
               +-------+-------+-------+-------+-------+----------------------
         Total | 100.0 | 100.0 |  13.4 |   1.4 |   0.0 | 530.5
       Dungeon |  95.7 |  95.1 |  14.0 |   1.4 |   0.0 | 543.1
     Labyrinth |   4.3 |   4.9 |   0.0 |   1.1 |   0.0 | 367.0
               +-------+-------+-------+-------+-------+----------------------

Table legend:
 A = Kills in this place as a percentage of kills in entire the game.
 B = Kills by you in this place as a percentage of kills by you in the entire game.
 C = Kills by friends in this place as a percentage of kills by friends in the entire game.
 D = Other kills in this place as a percentage of other kills in the entire game.
 E = Experience gained in this place as a percentage of experience gained in the entire game.
 F = Experience gained in this place divided by the number of levels of this place that you have seen.
                   A       B       C       D       E      F
               +-------+-------+-------+-------+-------+----------------------
         Total | 100.0 | 100.0 | 100.0 |   N/A | 100.0 | 2073.0
       Dungeon |  98.6 |  98.5 | 100.0 |   N/A |  94.8 | 2116.0
     Labyrinth |   1.4 |   1.5 |   0.0 |   N/A |   5.2 | 1514.0
               +-------+-------+-------+-------+-------+----------------------

Vault maps used:
D:1:      roderic_chinese_lattice_arrival
D:2:      tso_altar, lemuel_coloured_pillars_altar, lemuel_crystal_altar,
          zin_purify, grunt_temple_overflow_open, kennysheep_jessica_study
D:3:      cheibrodos_fertilizer, grunt_qazlal_clouds, uniq_robin
D:4:      kennysheep_mini, serial_corexii_hall, corexii_hall_statues_i,
          corexii_hall_statues_l
D:5:      nicolae_gozag_cash_rules_everything_around_me,
          minmay_temple_entry_butterflies, serial_shops, shop, first_ration,
          uniq_eustachio
D:6:      lemuel_round_altar, minmay_checkerbox
D:7:      minmay_klotski
D:8:      slow_altar_1, vehumet_crystals, uniq_joseph
D:9:      overflow_temple_1_default, grunt_livestock
D:10:     serial_shops, nicolae_shop_trees, shop, shop, kennysheep_potato
D:11:     evilmike_library_of_no_secrets, erik_lair_dragon, uniq_josephine,
          uniq_harold
D:12:     minmay_orc_entry_temple_small
D:13:     serial_shops, shop, lab_entry_generic, hangedman_feature_mirror
Lab:      labyrinth_spiral, nicolae_lab_do_over, nicolae_lab_lava, lab_hedge,
          nicolae_lab_x, nicolae_lab_stuck, labyrinth_fake_exit,
          nicolae_lab_big_swirl, nicolae_lab_starburst, nicolae_lab_diamond
